 Dungeon Crawl Stone Soup version 0.30.0-30-g96aa6591b8 (webtiles) character file.

Game seed: 12587317851890759134

124 booth the Conjurer (level 4, -3/30 HPs)
             Began as a Draconian Conjurer on June 30, 2023.
             Was a Follower of Hepliaklqana.
             Slain by an orc
             ... wielding a +0 mace
              (6 damage)
             ... on level 3 of the Dungeon.
             The game lasted 00:17:52 (2863 turns).

booth the Conjurer (Draconian Conjurer)             Turns: 2863, Time: 00:17:52

Health: -3/30      AC:  5    Str:  8    XL:     4   Next: 81%
Magic:  2/8        EV: 12    Int: 26    God:    Hepliaklqana [*.....]
Gold:   100        SH:  0    Dex: 13    Spells: 2/8 levels left

rFire   . . .        d - +0 whip
rCold   . . .        (no shield)
rNeg    . . .        (body armour unavailable)
rPois   .            (helmet restricted)
rElec   .            (no cloak)
rCorr   .            (no gloves)
SInv    .            (no boots)
Will    .....        (no amulet)
Stlth   ++           k - +6 ring of intelligence
HPRegen 0.25/turn    (no ring)
MPRegen 0.11/turn

%: no passive effects
@: no status effects
A: reduced essence, AC +5, unfitting armour, cold-blooded, agile 1
a: Renounce Religion, Recall Ancestor, Ancestor Identity


You were on level 3 of the Dungeon.
You worshipped Hepliaklqana.
Hepliaklqana was aware of your devotion.
You visited 1 branch of the dungeon, and saw 3 of its levels.

You collected 100 gold pieces.

Inventory:

Hand Weapons
 d - a +0 whip (weapon)
Missiles
 f - 3 poisoned darts (quivered)
Magical Staves
 a - a staff of poison
Jewellery
 k - a +6 ring of intelligence (left hand)
Wands
 e - a wand of flame (8)
Scrolls
 i - 2 scrolls of acquirement
 j - a scroll of fear {unknown}
 l - 2 scrolls of vulnerability {unknown}
Potions
 h - a potion of mutation


   Skills:
 + Level 0.7 Fighting
 + Level 0.6 Maces & Flails
 + Level 2.6 Dodging
 + Level 2.7 Stealth
 + Level 2.8 Spellcasting
 + Level 4.5 Conjurations
 + Level 0.4 Hexes


You had 2 spell levels left.
You knew the following spells:

 Your Spells              Type           Power      Damage    Failure   Level
a - Magic Dart            Conj           100%       1d8       1%          1
b - Searing Ray           Conj           54%        2d6       2%          2
c - Dazzling Flash        Conj/Hex       32%        N/A       11%         3

Your spell library contained the following spells:

 Spells                   Type           Power      Damage    Failure   Level
 Summon Guardian Golem    Hex/Summ       4%         N/A       26%         3
 Fulminant Prism          Conj/Hex       8%         3d7       34%         4
 Iskenderun's Mystic Bla  Conj/Tloc      15%        2d5       36%         4
 Orb of Destruction       Conj           13%        9d7       100%        7
 Spellforged Servitor     Conj/Summ      7%         N/A       100%        7


Dungeon Overview and Level Annotations

Branches:
Dungeon (3/15)

Altars:
Hepliaklqana

Shops:
D:1 !


Innate Abilities, Weirdness & Mutations

Your life essence is reduced to manifest your ancestor. (-10% HP)
Your plain brown scales are hard. (AC +5)
You cannot fit into any form of body armour.
You are cold-blooded and may be slowed by cold attacks.
You are agile. (Dex +4, Str/Int -1)


Message History

Aiming: Magic Dart (safe; 1% risk of failure)
Press: ? - help, Shift-Dir - straight line, f/p - orc
Aim: an orc, wielding a +0 mace (100% to hit)
The magic dart hits the orc.
The orc is lightly wounded.
The orc hits you with a +0 mace.
* * * LOW HITPOINT WARNING * * *
Okay, then.
This is a scroll of acquirement!
You hit the orc.
Your tail-slap misses the orc.
The orc is heavily wounded.
The orc barely misses you.
You closely miss the orc.
The orc is heavily wounded.
The orc hits you but does no damage.
You closely miss the orc.
The orc is heavily wounded.
The orc hits you with a +0 mace.
* * * LOW HITPOINT WARNING * * *
The orc attacks as you move away! The orc closely misses you.
The orc attacks as you move away! The orc closely misses you.
The orc attacks as you move away! The orc closely misses you.
Casting: Magic Dart (safe; 1% risk of failure)
Confirm with . or Enter, or press ? or * to list all spells.
Aiming: Magic Dart (safe; 1% risk of failure)
Press: ? - help, Shift-Dir - straight line, f/p - orc
Aim: an orc, wielding a +0 mace (heavily wounded, 100% to hit)
The magic dart hits the orc.
The orc is heavily wounded.
The orc hits you with a +0 mace!
* * * LOW HITPOINT WARNING * * *
You enter the shallow water.
Moving in this stuff is going to be slow.
The orc attacks as you move away! The orc hits you but does no damage.
The orc attacks as you move away! The orc barely misses you.
The orc attacks as you move away! The orc hits you with a +0 mace.
* * * LOW HITPOINT WARNING * * *
An endoplasm comes into view.
The orc attacks as you move away! The orc hits you with a +0 mace.
You die...

≈~~P....# # #.#
≈≈≈P~...# .. .##.###.#
≈≈≈~..... .. .....[..#
..~~≈≈≈~P.#.# .#
.##.##..# ..~≈~≈≈~~...#
.# #..#
#...~≈≈~.~..###.#.# #..#
...~≈≈≈≈≈~......#.# #..#
....P~≈≈≈~.)#####.#####.
#..#
##.~~≈~≈P~.....o@...J...
#..#
.....~~~~...#####.######
#..# ##..~~~~~...# .#
#†.# ......≈~....# .#
#..# ....~P≈~~...# .#
#..# ##..P~≈≈~...# ##
#..# ##...~≈~.P..# #..#
##...~≈≈~...# #..#
##...~≈≈~~..###### #..#


You could see an orc and an endoplasm (asleep).

Vanquished Creatures
  Terence (D:2)
  An adder (D:2)
  A worm (D:2)
  2 dart slugs
  3 orcs (D:3)
  4 endoplasms
  A giant cockroach (D:1)
  2 hobgoblins
  3 ball pythons
  2 bats
  2 frilled lizards (D:1)
  6 goblins
  6 kobolds
  4 rats
38 creatures vanquished.

Vanquished Creatures (collateral kills)
  An orc priest (D:3)
  A worm (D:3)
  4 orcs (D:3)
  An endoplasm (D:3)
  A kobold (D:3)
8 creatures vanquished.

Vanquished Creatures (others)
  An ancestor (D:3)
1 creature vanquished.

Grand Total: 47 creatures vanquished

Notes
Turn   | Place    | Note
-------+----------+-------------------------------------------
     0 | D:1      | booth the Draconian Conjurer began the quest for the Orb.
     0 | D:1      | Reached XP level 1. HP: 14/14 MP: 3/3
   299 | D:1      | Found Sevehin's Distillery.
   385 | D:1      | Reached XP level 2. HP: 20/20 MP: 3/5
   388 | D:1      | Learned a level 2 spell: Searing Ray
  1178 | D:2      | Reached XP level 3. HP: 18/26 MP: 0/6
  1238 | D:2      | Learned a level 3 spell: Dazzling Flash
  1497 | D:2      | Found a hazy altar of Hepliaklqana.
  1508 | D:2      | Noticed Terence
  1593 | D:2      | Killed Terence
  1670 | D:2      | Became a worshipper of Hepliaklqana the Forgotten
  1895 | D:2      | Gained mutation: You are agile. (Dex +4, Str/Int -1)
                  | [potion of mutation]
  2110 | D:3      | Reached XP level 4. HP: 33/33 MP: 7/7
  2526 | D:3      | Reached * piety under Hepliaklqana
  2837 | D:3      | Identified 2 scrolls of acquirement
  2863 | D:3      | Slain by an orc

Illustrated notes

Levels and vault maps discovered:
D:1:      erik_arrival_blinker_ship, layout_basic, serial_shops,
          nicolae_shop_industrial_runoff
D:2:      layout_rooms, basic_altar, minmay_pentomino_z4, uniq_terence
D:3:      layout_basic, zin_treasury, chequers_big_river

Skill      XL: |  1 |
---------------+----+-----
Dodging        | 2 |  2.6
Stealth        | 2 |  2.7
Fighting       | |  0.7
Maces & Flails | |  0.6
Spellcasting   | |  2.8
Conjurations   | |  4.5
Hexes          | |  0.4

Action                     |  1- 3 |  4- 6 || total
---------------------------+-------+-------++-------
  Melee: Whip              |    38 |    15 ||    53
         Unarmed           |     1 |       ||     1
         Tailslap          |     7 |     1 ||     8
  Throw: Dart              |       |     3 ||     3
   Cast: Magic Dart        |    40 |    21 ||    61
         Searing Ray       |     6 |     1 ||     7
 Invoke: Ancestor Identity |       |     1 ||     1
  Evoke: Wand              |       |     2 ||     2
    Use: Scroll            |     5 |       ||     5
         Potion            |     3 |       ||     3
 Armour: Skin              |    18 |     5 ||    23
  Dodge: Dodged            |    38 |    18 ||    56
